 Dungeon Crawl Stone Soup version 0.31.0-12-g77e489cdc1 (webtiles) character file.

Game seed: 15880536031609125801

137 Gadfly the Insei (level 5, 13/41 HPs)
             Began as a Demonspawn Monk on Feb 11, 2024.
             Quit the game on level 2 of the Dungeon.
             The game lasted 00:04:35 (1878 turns).

Gadfly the Insei (Demonspawn Monk)                  Turns: 1878, Time: 00:04:35

Health: 13/41      AC:  5    Str: 17    XL:     5   Next: 0%
Magic:  5/5        EV: 13    Int:  6    God:
Gold:   622        SH:  0    Dex: 16    Spells: 4/4 levels left

rFire   . .          .
                       - Unarmed
rCold   . . .        (no shield)
rNeg    + . .        i - +1 leather armour {Will+}
rPois   .            e - +1 hat
rElec   .            (no cloak)
rCorr   .            (no gloves)
SInv    +            (no boots)
Will    +....        (no amulet)
Stlth   ++           l - ring of Niucat {rN+ Str+4 Int-4 SInv Stlth+}
HPRegen 0.26/turn    (no ring)
MPRegen 0.09/turn

%: no passive effects
@: no status effects
A: antennae 1, claws 2, demonic magic 1
a: no special abilities


You were on level 2 of the Dungeon.
You visited 1 branch of the dungeon, and saw 3 of its levels.

You collected 622 gold pieces.

Inventory:

Armour
 a - a +0 robe
 c - an orb of light
 e - a +1 hat (worn)
 i - a +1 leather armour of willpower (worn)
Jewellery
 l - the ring of Niucat (left claw) {rN+ Str+4 Int-4 SInv Stlth+}
   (You acquired it on level 2 of the Dungeon)

   [ring of positive energy]

   Str+4:     It affects your strength (+4).
   Int-4:     It affects your intelligence (-4).
   rN+:       It protects you from negative energy.
   SInv:      It lets you see invisible.
   Stlth+:    It makes you more stealthy.
Potions
 b - a potion of curing {unknown}
 d - a potion of brilliance {unknown}
 f - a potion of enlightenment {unknown}
 h - a potion of resistance {unknown}
 j - a potion of attraction {unknown}


   Skills:
 - Level 3.0 Fighting
 + Level 3.2 Dodging
 * Level 3.6 Unarmed Combat
 * Level 2.2 Evocations
 * Level 1.8 Shapeshifting


You had 4 spell levels left.
You didn't know any spells.
Your spell library was empty.

Dungeon Overview and Level Annotations

Branches:
Dungeon (3/15)

Altars:


Innate Abilities, Weirdness & Mutations

You have a pair of small antennae on your head.
You have very sharp fingernails.
Spells you cast may paralyse adjacent enemies.


Message History

a +0 whip; a gnoll corpse The gnoll shouts!
The gnoll closely misses you.
You scratch the gnoll but do no damage. The gnoll closely misses you.
You closely miss the gnoll. The gnoll hits you but does no damage.
You scratch the gnoll.
The gnoll is lightly wounded.
You scratch the gnoll.
The gnoll is heavily wounded.
The gnoll hits you with a +0 halberd.
You barely miss the gnoll.
The gnoll is heavily wounded.
The gnoll barely misses you.
You scratch the gnoll.
The gnoll is almost dead.
The gnoll misses you.
You scratch the gnoll but do no damage.
The gnoll is almost dead.
The gnoll hits you with a +0 halberd.
You barely miss the gnoll.
The gnoll is almost dead.
The gnoll hits you with a +0 halberd!
You are too injured to fight recklessly!
You are too injured to fight recklessly!
You are too injured to fight recklessly!
You are too injured to fight recklessly!
You are too injured to fight recklessly!
You are too injured to fight recklessly!
You are too injured to fight recklessly!
You are too injured to fight recklessly!
You are too injured to fight recklessly!
You are too injured to fight recklessly!
A gnoll is nearby!
Unknown command.
You scratch the gnoll.
You kill the gnoll!
You have reached level 5!
Your demonic ancestry asserts itself...
A menacing aura infuses your magic.
Are you sure you want to abandon this character and quit the game? (Confirm with "yes".)

#.#
#.#
#.#
#.#
#.#
#.#
#.#
#.#
#.#
#.#
#.#
#.#
#.#
#.#
#)#
#.#
#@#
#†#
#.#
#.#
#.#
#.#
#.#
#)#
#.#
#.#
#)#
#..
#<#
###
###


There were no monsters in sight!

Vanquished Creatures
  2 adders (D:2)
  7 gnolls
  3 bats
  5 endoplasms
  5 giant cockroaches
  6 hobgoblins
  4 jackals (D:2)
  A quokka (D:1)
  2 ball pythons (D:1)
  4 goblins
  5 kobolds
  7 rats
51 creatures vanquished.

Notes
Turn   | Place    | Note
-------+----------+-------------------------------------------
     0 | D:1      | Gadfly the Demonspawn Monk began the quest for the Orb.
     0 | D:1      | Reached XP level 1. HP: 18/18 MP: 1/1
   101 | D:1      | Discovered your monstrous ancestry.
   101 | D:1      | Gained mutation: You have a pair of small antennae on your
                  | head. [demonic ancestry]
   101 | D:1      | Reached XP level 2. HP: 13/24 MP: 2/2
   204 | D:1      | Reached skill level 1 in Evocations
   452 | D:1      | Gained mutation: You have sharp fingernails. [demonic
                  | ancestry]
   452 | D:1      | Reached XP level 3. HP: 29/29 MP: 3/3
   516 | D:1      | Reached skill level 1 in Shapeshifting
  1150 | D:2      | Gained mutation: You have very sharp fingernails. [demonic
                  | ancestry]
  1150 | D:2      | Reached XP level 4. HP: 33/35 MP: 4/4
  1613 | D:2      | Identified 2 scrolls of acquirement
  1613 | D:2      | Acquired the ring of Niucat {rN+ Str+4 Int-4 SInv Stlth+}
  1615 | D:2      | Acquired 574 gold pieces
  1878 | D:2      | Gained mutation: Spells you cast may paralyse adjacent
                  | enemies. [demonic ancestry]
  1878 | D:2      | Reached XP level 5. HP: 13/41 MP: 5/5
  1878 | D:2      | Quit the game

Illustrated notes

Levels and vault maps discovered:
D:1:      roderic_crop_circles_arrival_small, layout_loops_cross, serial_glass,
          glass_columns_a, glass_columns_b, glass_columns_a, glass_columns_a,
          minmay_hedge_maze, roderic_roman_lattice, minmay_misc_feat_diagonals,
          nicolae_grassy_gnolls
D:2:      layout_basic
D:3:      layout_basic, minitemple

Skill      XL: |  1  2  3  4 |
---------------+-------------+-----
Evocations     | 1 2 |  2.2
Unarmed Combat | 3 |  3.6
Shapeshifting  | 1 |  1.8
Dodging        | 3 |  3.2
Fighting       | |  3.0

Action                     |  1- 3 |  4- 6 || total
---------------------------+-------+-------++-------
  Melee: Unarmed           |   126 |    77 ||   203
         Punch             |       |     1 ||     1
    Use: Potion            |     1 |     1 ||     2
         Scroll            |       |     2 ||     2
 Armour: Robe              |    65 |       ||    65
         Leather armour    |     1 |    44 ||    45
  Dodge: Dodged            |    78 |    52 ||   130
